 Dungeon Crawl Stone Soup version 0.20.1-1-g8b1a95d (webtiles) character file.

6283 raph the Destroyer (level 10, -19/58 HPs)
             Began as a Deep Elf Fire Elementalist on Oct 15, 2017.
             Was an Elder of Vehumet.
             Demolished by a two-headed ogre
             ... wielding a +0 giant club
              (20 damage)
             ... on level 5 of the Dungeon.
             The game lasted 00:40:21 (13798 turns).

raph the Destroyer (Deep Elf Fire Elementalist)    Turns: 13798, Time: 00:40:22

Health: -19/58     AC: 11    Str:  6    XL:     10   Next: 63%
Magic:  13/24      EV: 17    Int: 26    God:    Vehumet [****..]
Gold:   403        SH:  0    Dex: 15    Spells: 3/26 levels left

rFire    + + .     SeeInvis .   a - +0 falchion (holy)
rCold    . . .     Gourm    .   (no shield)
rNeg     . . .     Faith    .   E - +2 robe {rF+}
rPois    +         Spirit   .   y - +2 helmet
rElec    .         Reflect  .   d - scarf {repulsion}
rCorr    .         Harm     .   n - +2 pair of gloves
MR       .....                  K - +0 pair of boots
Stlth    ++........             (no amulet)
Regen    0.2/turn               j - ring "Jotoruow" {rPois rF+ MR- Int+3}
MPRegen  0.2/turn               (no ring)

@: repel missiles
A: no striking features
a: Renounce Religion


You were on level 5 of the Dungeon.
You worshipped Vehumet.
Vehumet was greatly pleased with you.
You were hungry.

You visited 1 branch of the dungeon, and saw 9 of its levels.
You also visited: Ossuary.

You collected 525 gold pieces.
You spent 122 gold pieces at shops.

Inventory:

Hand Weapons
 a - a +0 falchion of holy wrath (weapon)
 b - a +1 falchion of flaming
 i - a +0 dagger of venom
 G - a +1 rapier of speed
Missiles
 h - 3 exploding tomahawks (quivered)
 r - 7 tomahawks
Armour
 d - a scarf of repulsion (worn)
 e - a +0 leather armour
 m - a +1 cloak
 n - a +2 pair of gloves (worn)
 y - a +2 helmet (worn)
 E - a +2 robe of fire resistance (worn)
 K - a +0 pair of boots (worn)
Jewellery
 j - the ring "Jotoruow" (left hand) {rPois rF+ MR- Int+3}
   (You found it on level 7 of the Dungeon)

   [ring of poison resistance]

   It affects your intelligence (+3).
   It protects you from fire.
   It protects you from poison.
   It affects your resistance to hostile enchantments.
Wands
 k - a wand of scattershot (3/9)
 l - a wand of acid (4/15)
 D - a wand of lightning (6/15)
 M - a wand of acid (10/15)
Scrolls
 o - 2 scrolls of remove curse
 v - 2 scrolls of recharging
 x - 2 scrolls of teleportation
 C - a scroll of amnesia
 I - a scroll of immolation
 L - a scroll of magic mapping
Potions
 f - 4 potions of curing
 g - a potion of ambrosia
 p - a potion of flight
 q - a potion of magic
 t - 2 potions of brilliance
 u - a potion of might
 w - a potion of resistance {unknown}
 B - 2 potions of haste {unknown}
 H - a potion of heal wounds
 J - a potion of invisibility {unknown}
 N - a potion of agility {unknown}
Books
 z - a book of Flames

   Spells                             Type                      Level
   a - Flame Tongue                   Conjuration/Fire             1
   b - Throw Flame                    Conjuration/Fire             2
   c - Conjure Flame                  Conjuration/Fire             3
   d - Inner Flame                    Hexes/Fire                   3
   e - Sticky Flame                   Conjuration/Fire             4
   f - Fireball                       Conjuration/Fire             5
 F - a book of Frost

   Spells                             Type                      Level
   a - Freeze                         Ice                          1
   b - Throw Frost                    Conjuration/Ice              2
   c - Ozocubu's Armour               Charms/Ice                   3
   d - Throw Icicle                   Conjuration/Ice              4
   e - Summon Ice Beast               Ice/Summoning                4
Miscellaneous
 O - a sack of spiders
Comestibles
 c - 5 bread rations


   Skills:
 + Level 4.9 Fighting
 - Level 3.0 Armour
 + Level 7.4 Dodging
 - Level 2.4 Stealth
 + Level 8.5 Spellcasting
 * Level 9.4 Conjurations
 * Level 9.4 Fire Magic
 + Level 0.0 Evocations


You had 3 spell levels left.
You knew the following spells:

 Your Spells              Type           Power        Failure   Level  Hunger
a - Flame Tongue          Conj/Fire      #####        1%          1    None
b - Throw Flame           Conj/Fire      ######       1%          2    None
c - Conjure Flame         Conj/Fire      ######..     1%          3    None
d - Inner Flame           Hex/Fire       #####...     1%          3    None
e - Sticky Flame          Conj/Fire      ######..     1%          4    ##.....
f - Searing Ray           Conj           ######       1%          2    None
g - Fireball              Conj/Fire      ######....   1%          5    ####...
h - Mephitic Cloud        Conj/Pois/Air  ####....     1%          3    None


Dungeon Overview and Level Annotations

Branches:
Dungeon (9/15)             Temple (0/1) D:5            Lair (0/6) D:9
    Orc (0/2) D:9

Altars:
Ashenzari
Hepliaklqana
Makhleb
Okawaru
Qazlal
Ru
Sif Muna
Trog
Uskayaw
Vehumet
Xom
Yredelemnul

Shops:
D:4 :   D:6 [

Annotations:
D:5 1 transporter


Message History

The two-headed ogre burns! x2; The wyvern closely misses you.
The two-headed ogre burns! x2; The wyvern barely misses you.
Evoke which item? (* to show all) (? for menu, Esc to quit)
You reach into the bag... ...but nothing happens.
The two-headed ogre burns!
The two-headed ogre stops burning.
The two-headed ogre burns!
The wyvern barely misses you.
Okay, then.
Casting: Sticky Flame
Confirm with . or Enter, or press ? or * to list all spells.
Aiming: Sticky Flame
Press: ? - help, Shift-Dir - straight line, f - two-headed ogre, p - two-headed ogre
Aim: a two-headed ogre, wielding two giant spiked clubs (heavily wounded)
The sticky flame hits the two-headed ogre.
The two-headed ogre is heavily wounded.
The two-headed ogre is covered in liquid flames!
The two-headed ogre burns! x2; The wyvern closely misses you.
The two-headed ogre hits you with a giant club!!
* * * LOW HITPOINT WARNING * * *
The two-headed ogre hits you with a giant spiked club!!
You die...

..#...............#
..+...............#
..#...............#####
.....#...(............##
..##.#......#########..#
.....#.^...##8$$_.$8##.#
....##.....#..($$$(..#.#
...........#........!#.#
...........#....@....#.#
...........#©..OlO...#.#
...........#.........#.#
.....#.....#.........#.#
.....#.....#.........#.#
.....#.....##8.....8##.#
.....#......#########..#
................©.....##
..........##......#####


You could see 2 two-headed ogres and a wyvern.

Vanquished Creatures
  2 two-headed ogres
  Pikel (D:9)
  A hippogriff (D:8)
  A sky beast (D:6)
  3 orc warriors
  2 black bears (D:7)
  A necrophage (D:6)
  3 phantoms
  2 hornet zombies
  5 ogres
  2 elf zombies (Ossuary)
  5 bullfrogs
  A gnoll sergeant (D:7)
  5 scorpions
  3 wights (D:6)
  3 howler monkeys
  4 centaur zombies
  3 crimson imps
  A centaur skeleton (D:7)
  4 hounds
  A human zombie (Ossuary)
  A jelly (D:8)
  4 orc priests
  2 bullfrog skeletons
  7 iguanas
  11 orc wizards
  10 worker ants
  A killer bee zombie (D:7)
  2 big kobold zombies (Ossuary)
  3 hound zombies (Ossuary)
  4 hound skeletons
  3 mummies (Ossuary)
  A howler monkey zombie (D:9)
  5 gnolls
  A howler monkey skeleton (D:4)
  10 adders
  3 shadow imps
  An ooze (D:4)
  2 adder skeletons
  6 adder zombies (Ossuary)
  2 worms (D:4)
  2 dart slugs
  4 leopard geckos
  37 orcs
  A ball python (D:4)
  6 bats
  8 giant cockroaches
  9 goblins
  16 hobgoblins
  7 jackals
  10 kobolds
  6 quokkas
  8 frilled lizards
  2 goblin zombies (Ossuary)
  A jackal skeleton (D:4)
  7 jackal zombies (Ossuary)
  2 kobold zombies (Ossuary)
  2 orc zombies (Ossuary)
  A quokka skeleton (D:4)
  4 quokka zombies
  6 rats
  2 rat zombies (Ossuary)
273 creatures vanquished.

Vanquished Creatures (others)
  2 slaves (D:9)
  An orc wizard (D:9)
  A worker ant zombie (D:9)
  2 orcs (D:9)
6 creatures vanquished.

Grand Total: 279 creatures vanquished

Notes
Turn   | Place    | Note
-------+----------+-------------------------------------------
     0 | D:1      | raph the Deep Elf Fire Elementalist began the quest for the Orb.
     0 | D:1      | Reached XP level 1. HP: 10/10 MP: 6/6
   343 | D:1      | Reached XP level 2. HP: 16/16 MP: 5/8
   390 | D:1      | Learned a level 2 spell: Throw Flame
   828 | D:1      | Reached XP level 3. HP: 20/20 MP: 3/9
  1212 | D:2      | Learned a level 3 spell: Conjure Flame
  1625 | D:2      | Found a radiant altar of Vehumet.
  1690 | D:2      | Became a worshipper of Vehumet
  1705 | D:2      | Reached skill level 1 in Fighting
  1840 | D:2      | Found an iron altar of Okawaru.
  1922 | D:2      | Reached XP level 4. HP: 24/25 MP: 6/11
  1928 | D:2      | Learned a level 3 spell: Inner Flame
  2094 | D:2      | Found an iron altar of Okawaru.
  2439 | D:3      | Found a shimmering altar of Xom.
  3100 | D:3      | Reached XP level 5. HP: 29/29 MP: 10/12
  3102 | D:3      | Reached * piety under Vehumet
  3102 | D:3      | Offered knowledge of Freeze by Vehumet.
  3114 | D:3      | Learned a level 1 spell: Freeze
  3529 | D:4      | Reached skill level 1 in Armour
  3776 | D:4      | Reached XP level 6. HP: 26/34 MP: 7/14
  3888 | D:4      | Found a sand-covered staircase.
  3895 | Ossuary  | Entered an ossuary
  4162 | Ossuary  | Reached skill level 5 in Fire Magic
  4327 | Ossuary  | Learned a level 4 spell: Sticky Flame
  4387 | Ossuary  | Offered knowledge of Searing Ray by Vehumet.
  4452 | Ossuary  | Reached ** piety under Vehumet
  4683 | Ossuary  | Reached XP level 7. HP: 39/39 MP: 12/16
  4821 | Ossuary  | Reached skill level 5 in Spellcasting
  5256 | D:4      | Learned a level 2 spell: Searing Ray
  5479 | D:4      | Found a basalt altar of Yredelemnul.
  6107 | D:4      | Found Mewylim's Book Boutique.
  6131 | D:4      | Offered knowledge of Dazzling Spray by Vehumet.
  7017 | D:5      | Entered Level 5 of the Dungeon
  7030 | D:5      | Reached skill level 5 in Conjurations
  7030 | D:5      | Reached XP level 8. HP: 45/45 MP: 7/18
  7030 | D:5      | Reached *** piety under Vehumet
  7232 | D:5      | Found a staircase to the Ecumenical Temple.
  7247 | D:5      | Found a transporter.
  7247 | D:5      | Noticed a two-headed ogre
  7251 | D:5      | Found a transporter.
  7253 | D:5      | Noticed a two-headed ogre
  7253 | D:5      | Found a hide-covered altar of Uskayaw.
  7283 | D:5      | Found a shattered altar of Ashenzari.
  7728 | D:5      | Offered knowledge of Throw Icicle by Vehumet.
  7873 | D:5      | Reached skill level 5 in Dodging
  7878 | D:5      | Found a burning altar of Makhleb.
  8250 | D:5      | Found a stormy altar of Qazlal.
  8872 | D:6      | Found a deep blue altar of Sif Muna.
  9095 | D:6      | Reached **** piety under Vehumet
  9257 | D:6      | Found Userres's Antique Armour Shop.
  9260 | D:6      | Bought a runed robe for 122 gold pieces
  9362 | D:7      | Reached XP level 9. HP: 50/50 MP: 14/20
  9400 | D:7      | Learned a level 5 spell: Fireball
 10739 | D:7      | Noticed a two-headed ogre
 10746 | D:7      | Killed a two-headed ogre
 11126 | D:7      | Found a bloodstained altar of Trog.
 11324 | D:7      | Got a pitted wooden ring
 11329 | D:7      | Identified the ring "Jotoruow" {rPois rF+ MR- Int+3} (You found it on level 7 of the Dungeon)
 11609 | D:8      | Offered knowledge of Mephitic Cloud by Vehumet.
 11609 | D:8      | Reached XP level 10. HP: 56/56 MP: 9/23
 11688 | D:8      | Learned a level 3 spell: Mephitic Cloud
 12319 | D:8      | Found a shattered altar of Ashenzari.
 12647 | D:9      | Found a staircase to the Orcish Mines.
 12680 | D:9      | Noticed Pikel
 12686 | D:9      | Killed Pikel
 12797 | D:9      | Noticed a two-headed ogre
 12798 | D:9      | Found a staircase to the Lair.
 12802 | D:9      | Killed a two-headed ogre
 13076 | D:9      | Found a hazy altar of Hepliaklqana.
 13381 | D:9      | Found a sacrificial altar of Ru.
 13798 | D:5      | HP: 1/58 [two-headed ogre/giant club (22)]
 13798 | D:5      | Demolished by a two-headed ogre

Skill      XL: |  1  2  3  4  5  6  7  8  9 10 |
---------------+-------------------------------+-----
Conjurations   | 2 3 4 5 6 8 9 |  9.4
Fighting       | 1 2 3 4 |  4.9
Dodging        | 3 4 5 6 7 |  7.4
Fire Magic     | 4 5 6 7 8 9 |  9.4
Spellcasting   | 4 5 6 7 8 |  8.5
Armour         | 1 2 3 |  3.0
Stealth        | |  2.4

Action                   |  1- 3 |  4- 6 |  7- 9 | 10-12 || total
-------------------------+-------+-------+-------+-------++-------
Melee: Short sword       |    12 |       |       |       ||    12
       Dagger            |    17 |       |     1 |     1 ||    19
       Hand axe          |       |    10 |       |       ||    10
       Unarmed           |       |     1 |       |       ||     1
       Falchion          |       |       |    72 |     5 ||    77
Throw: Stone             |     3 |       |       |       ||     3
       Tomahawk          |       |       |     2 |       ||     2
 Cast: Flame Tongue      |    57 |    84 |   179 |    41 ||   361
       Throw Flame       |     6 |    14 |    36 |     7 ||    63
       Conjure Flame     |     1 |    16 |    41 |     8 ||    66
       Inner Flame       |       |       |    12 |     2 ||    14
       Sticky Flame      |       |       |    12 |    13 ||    25
       Searing Ray       |       |       |     7 |     1 ||     8
       Fireball          |       |       |    13 |    22 ||    35
Evoke: Wand              |       |     3 |       |       ||     3
       Sack of spiders   |       |       |       |     1 ||     1
  Use: Potion            |     1 |       |       |       ||     1
       Scroll            |       |    10 |     9 |     3 ||    22
 Stab: Sleeping          |     2 |     1 |     1 |       ||     4
  Eat: Chunk             |     3 |     7 |    16 |     6 ||    32
       Royal jelly       |       |     1 |     1 |       ||     2
       Meat ration       |       |       |     2 |       ||     2
       Bread ration      |       |       |       |     1 ||     1
Armor: Leather armour    |    14 |    18 |    41 |       ||    73
       Robe              |       |       |    14 |     9 ||    23
Dodge: Dodged            |    50 |    38 |   109 |    44 ||   241
       Rpst.: Falchion   |       |       |    24 |     7 ||    31
